 Dungeon Sprint DCSS version 0.28.0-45-g0d030f2227 (webtiles) character file.

Game seed: 683837639347034898

4546 boopmooplesden the Severer (level 10, -14/157 HPs)
             Began as a Minotaur Berserker on Apr 6, 2022.
             Was the Champion of Trog.
             Demolished by Donald
             ... wielding a +2 war axe of holy wrath
              (28 damage)
             ... in the Dungeon (Sprint III: "The Ten Rune Challenge").
             The game lasted 00:04:29 (2779 turns).

boopmooplesden the Severer (Minotaur Berserker)     Turns: 2779, Time: 00:04:29

Health: -14/157    AC:  9    Str: 26      XL:     10   Next: 17%
Magic:  9/9        EV: 15    Int:  3 (4)  God:    Trog [******]
Gold:   21         SH:  0    Dex: 12      Spells: 9/9 levels left

rFire   . . .      SeeInvis .   c - +3 great sword (flame)
rCold   . . .      Faith    .   (shield currently unavailable)
rNeg    . . .      Spirit   .   o - +0 ring mail
rPois   .          Reflect  .   (helmet unavailable)
rElec   .          Harm     .   (no cloak)
rCorr   .          Rampage  .   (no gloves)
Will    .....      NoTele   +   (no boots)
Stlth   ..........              (no amulet)
HPRegen 0.36/turn               (no ring)
MPRegen 0.11/turn               (no ring)

@: berserking (expiring), very quick
A: horns 3, retaliatory headbutt, iridescent scales 1, deterioration 1, strong 1
a: Renounce Religion, Berserk, Trog's Hand, Brothers in Arms


You were in the Dungeon.
You worshipped Trog.
Trog was exalted by your worship.
You visited 1 branch You collected 21 gold pieces.

Inventory:

Hand Weapons
 a - a +0 hand axe
 c - a +3 great sword of flaming (weapon)
 p - a +2 long sword of holy wrath
Armour
 b - a +0 animal skin
 o - a +0 ring mail (worn)
Wands
 m - a wand of acid (11)
Scrolls
 h - a scroll of blinking
 j - a scroll of immolation
 k - a scroll of identify
Potions
 e - 2 potions of haste
 f - 2 potions of magic
 g - a potion of berserk rage
 i - a potion of mutation
 l - 2 potions of flight
 n - a potion of might
Miscellaneous
 q - a piece from Xom's chessboard (15/15)


   Skills:
 + Level 15.2 Fighting
 + Level 10.7 Long Blades
 + Level 16.6 Axes
 + Level 10.8 Armour
 + Level 10.2 Dodging
 + Level 1.8 Stealth


You had 9 spell levels left.
You didn't know any spells.
Your spell library was empty.

Dungeon Overview and Level Annotations

Branches:
Dungeon (1/1)

Altars:
Cheibriados
Dithmenos
Elyvilon
Fedhas
Gozag
Hepliaklqana
Kikubaaqudgha
Makhleb
Nemelex Xobeh
Okawaru
Qazlal
Ru
Sif Muna
Trog
Uskayaw
Vehumet
Wu Jian
Xom
Yredelemnul
Zin
The Shining One
Beogh
Jiyva
Lugonu

Annotations:
D Donald, Frances


Innate Abilities, Weirdness & Mutations

You have a pair of large horns on your head.
You reflexively headbutt those who attack you in melee.
You are partially covered in iridescent scales. (AC +2)
Your body sometimes deteriorates upon taking damage.
Your muscles are strong. (Str +2)


Message History

You feel very sick.
Donald gestures wildly while chanting.
Donald seems to speed up.
You feel sick.
You feel sick.
Donald hits you with a +2 war axe of holy wrath!
A red film seems to cover your vision as you go berserk!
You feel yourself moving faster!
You feel mighty!
You feel sick.
Donald hits you with a +2 war axe of holy wrath!
Donald casts a spell.
Donald seems to grow stronger.
Donald blocks your attack.
You feel sick.
You are no longer poisoned.
Donald completely misses you. You furiously retaliate!
You headbutt Donald! Donald blocks your attack. x2
Donald is lightly wounded.
Donald hits you with a +2 war axe of holy wrath! x2
Donald blocks your attack.
Donald is lightly wounded.
Donald closely misses you. Donald barely misses you. Donald blocks your attack.
Donald is lightly wounded.
Donald closely misses you. You furiously retaliate!
You headbutt Donald.
Donald hits you with a +2 war axe of holy wrath!!
Your body deteriorates!
You feel dopey.
You barely miss Donald.
Donald is lightly wounded.
Donald hits you with a +2 war axe of holy wrath!!
Donald blocks your attack.
You headbutt Donald!
Donald is lightly wounded.
Donald hits you with a +2 war axe of holy wrath!!
* * * LOW HITPOINT WARNING * * *
Donald hits you with a +2 war axe of holy wrath!
* * * LOW HITPOINT WARNING * * *
Donald blocks your attack.
Donald is lightly wounded.
You feel yourself speed up. Donald barely misses you.
Donald hits you with a +2 war axe of holy wrath!!
You die...

###########################
.≈≈≈'.#.'...'.#.#.#.'...≈≈#
#)≈≈#.#.#.))##.#.#.##...≈≈###
#.§§#.#.#)).#.#.#.#.#...≈≈≈≈#
#.§§#...#...##.#.#.##...≈≈≈≈#
▓▓▓▓▓▓▓▓▓▓▓▓#.#.#.#.#.......#
##.#.#.##.......#
+.#@#.#.#.......#
##.#@#.########## #'##### ...
#@@.# #...# #####


You could see Donald (fast, strong).

Vanquished Creatures
  Josephine (D)
  A centaur warrior (D)
  A deep elf pyromancer (D)
  An unseen horror (D)
  A shadow (D)
  A spatial vortex (D)
  A necrophage (D)
  2 centaurs (D)
  An earth elemental (D)
  A water elemental (D)
  19 killer bees (D)
  A jelly (D)
  A necromancer (D)
  A wizard (D)
  A kobold demonologist (D)
  3 humans (D)
  A phantom (D)
  4 rats (D)
42 creatures vanquished.

Vanquished Creatures (collateral kills)
  A queen bee (D)
  13 killer bees (D)
14 creatures vanquished.

Grand Total: 56 creatures vanquished

Notes
Turn   | Place    | Note
-------+----------+-------------------------------------------
     0 | D        | boopmooplesden the Minotaur Berserker began the quest for
                  | the Orb.
     0 | D        | Reached XP level 1. HP: 19/19 MP: 0/0
     9 | D        | Reached skill level 4 in Axes
    14 | D        | Reached ** piety under Trog
   177 | D        | Reached skill level 5 in Fighting
   177 | D        | Reached skill level 5 in Axes
   177 | D        | Reached XP level 2. HP: 18/29 MP: 1/1
   562 | D        | Gained mutation: You have sharp fingernails. [potion of
                  | mutation]
   562 | D        | Gained mutation: Your flesh is cold resistant. (rC+)
                  | [potion of mutation]
   563 | D        | Lost mutation: You have sharp fingernails. [potion of
                  | mutation]
   563 | D        | Lost mutation: Your flesh is cold resistant. (rC+) [potion
                  | of mutation]
   563 | D        | Gained mutation: You have a pair of large horns on your
                  | head. [potion of mutation]
   563 | D        | Gained mutation: You are partially covered in iridescent
                  | scales. (AC +2) [potion of mutation]
   563 | D        | Gained mutation: Your body sometimes deteriorates upon
                  | taking damage. [potion of mutation]
   563 | D        | Gained mutation: Your muscles are strong. (Str +2) [potion
                  | of mutation]
   575 | D        | Noticed a water elemental
   581 | D        | Killed a water elemental
   582 | D        | Reached skill level 7 in Axes
   582 | D        | Reached XP level 3. HP: 38/38 MP: 2/2
   582 | D        | Reached XP level 4. HP: 45/45 MP: 3/3
   631 | D        | Found a basalt altar of Yredelemnul.
   631 | D        | Found a shadowy altar of Dithmenos.
   631 | D        | Found a sacrificial altar of Ru.
   631 | D        | Noticed a necrophage
   636 | D        | Killed a necrophage
   636 | D        | Reached *** piety under Trog
   637 | D        | Reached skill level 9 in Axes
   637 | D        | Reached XP level 5. HP: 33/53 MP: 4/4
   925 | D        | Found a hide-covered altar of Uskayaw.
   925 | D        | Found an iron altar of Okawaru.
   926 | D        | Found a bloodstained altar of Trog.
   926 | D        | Found an ornate altar of the Wu Jian Council.
   926 | D        | Noticed a human
   926 | D        | Noticed a human
   934 | D        | Killed a human
   935 | D        | Reached skill level 11 in Axes
   935 | D        | Reached skill level 5 in Armour
   935 | D        | Reached skill level 5 in Dodging
   935 | D        | Reached XP level 6. HP: 43/66 MP: 5/5
   936 | D        | Killed a human
   937 | D        | Reached skill level 10 in Fighting
   937 | D        | Reached skill level 12 in Axes
  1110 | D        | Found a radiant altar of Vehumet.
  1110 | D        | Found a shimmering blue altar of Sif Muna.
  1110 | D        | Found an ancient bone altar of Kikubaaqudgha.
  1115 | D        | Reached **** piety under Trog
  1123 | D        | Reached XP level 7. HP: 73/73 MP: 6/6
  1180 | D        | Found a glowing silver altar of Zin.
  1181 | D        | Found a glowing golden altar of the Shining One.
  1181 | D        | Found a white marble altar of Elyvilon.
  1181 | D        | Noticed a deep elf pyromancer
  1183 | D        | Noticed a fire elemental
  1183 | D        | Noticed a fire elemental
  1186 | D        | Killed a deep elf pyromancer
  1187 | D        | Reached skill level 14 in Axes
  1296 | D        | Noticed a shadow
  1305 | D        | Killed a shadow
  1305 | D        | Reached ***** piety under Trog
  1306 | D        | Reached XP level 8. HP: 55/85 MP: 7/7
  1308 | D        | Found a blossoming altar of Fedhas.
  1308 | D        | Found a stormy altar of Qazlal.
  1322 | D        | Found a snail-covered altar of Cheibriados.
  1322 | D        | Found a burning altar of Makhleb.
  1322 | D        | Found a hazy altar of Hepliaklqana.
  1322 | D        | Found a shimmering altar of Xom.
  1322 | D        | Found an opulent altar of Gozag.
  1322 | D        | Found a sparkling altar of Nemelex Xobeh.
  1322 | D        | Found a corrupted altar of Lugonu.
  1322 | D        | Found a viscous altar of Jiyva.
  1333 | D        | Reached skill level 1 in Long Blades
  1444 | D        | Noticed Josephine
  1449 | D        | Killed Josephine
  1450 | D        | Reached skill level 15 in Axes
  1645 | D        | HP: 4/86 [earth elemental (28)]
  1979 | D        | Noticed a centaur warrior
  1984 | D        | Killed a centaur warrior
  1985 | D        | Reached skill level 16 in Axes
  1985 | D        | Reached skill level 1 in Stealth
  1985 | D        | Reached XP level 9. HP: 95/95 MP: 8/8
  2202 | D        | Killed an unseen horror
  2466 | D        | Noticed a queen bee
  2495 | D        | Reached ****** piety under Trog
  2501 | D        | Killed a queen bee
  2502 | D        | Reached skill level 10 in Armour
  2504 | D        | Reached XP level 10. HP: 23/104 MP: 9/9
  2504 | D        | Received a gift from Trog
  2506 | D        | Reached skill level 10 in Dodging
  2508 | D        | Reached skill level 15 in Fighting
  2509 | D        | Reached skill level 10 in Long Blades
  2512 | D        | Received a gift from Trog
  2768 | D        | Noticed Donald
  2768 | D        | Noticed Frances
  2779 | D        | Demolished by Donald

Illustrated notes

Levels and vault maps discovered:
D:        dungeon_sprint_mu [sprint_mu_entry_forest, sprint_mu_temple_rooms,
          sprint_mu_d1_horrors, sprint_mu_d2_genie, sprint_mu_d3_branching,
          sprint_mu_orc_legion, sprint_mu_elf_gauntlet, sprint_mu_hive_nellie,
          sprint_mu_lair_fedhas, sprint_mu_vaults_butterflies,
          sprint_mu_slime_circle, sprint_mu_shoals_kraken,
          sprint_mu_snake_twists, sprint_mu_blade_basic,
          sprint_mu_crypt_fortress, sprint_mu_tomb_spiral,
          sprint_mu_vestibule_basic, sprint_mu_gehenna_hellfire,
          sprint_mu_dis_giant, sprint_mu_tartarus_statrot,
          sprint_mu_cocytus_islands, sprint_mu_zot1]

Skill      XL: |  1  2  3  4  5  6  7  8  9 10 |
---------------+-------------------------------+-----
Fighting       | 5 6 8 9 10 12 14 15 | 15.2
Axes           | 5 7 9 11 12 14 16 | 16.6
Armour         | 3 4 5 7 8 10 | 10.8
Dodging        | 3 4 5 6 7 9 10 | 10.2
Long Blades    | 6 9 10 | 10.7
Stealth        | 1 |  1.8

Action                   |  1- 3 |  4- 6 |  7- 9 | 10-12 || total
-------------------------+-------+-------+-------+-------++-------
Melee: Hand axe          |    26 |    31 |     4 |       ||    61
       Headbutt          |     2 |     3 |    19 |     1 ||    25
       Long sword        |       |       |    72 |     1 ||    73
       Punch             |       |       |     1 |       ||     1
       Great sword       |       |       |       |    12 ||    12
Invok: Berserk           |     2 |     3 |     6 |     1 ||    12
       Trog's Hand       |       |       |     2 |       ||     2
       Brothers in Arms  |       |       |     2 |       ||     2
  Use: Scroll            |     3 |       |       |       ||     3
       Potion            |     2 |       |     5 |       ||     7
 Stab: Distracted        |       |       |       |     1 ||     1
Armor: Animal skin       |     1 |     4 |       |       ||     5
       Ring mail         |       |       |    49 |     2 ||    51
Dodge: Dodged            |    15 |     8 |    77 |    10 ||   110
